 Seeded DCSS version 0.25-a0-797-g0023389 (webtiles) character file.

Game seed: 10372814892934523873, levelgen mode: deterministic

17136 Auros the Devastator (level 12, -9/81 HPs)
             Began as a White Draconian Conjurer on Apr 17, 2020.
             Was a Priest of Vehumet.
             Shot with an arrow by Nessos (16 damage)
             ... on level 5 of the Lair of Beasts on Apr 18, 2020.
             The game lasted 01:35:18 (17739 turns).

Auros the Devastator (White Draconian Conjurer)    Turns: 17739, Time: 01:35:19

Health: -9/81      AC: 11    Str: 11    XL:     12   Next: 16%
Magic:  7/27       EV: 12    Int: 19    God:    Vehumet [***...]
Gold:   725        SH:  0    Dex: 13    Spells: 2/19 levels left

rFire    . . .     SeeInvis .   a - +5 short sword (venom)
rCold    + . .     Gourm    .   (no shield)
rNeg     . . .     Faith    .   (armour unavailable)
rPois    .         Spirit   .   (helmet restricted)
rElec    .         Reflect  .   (no cloak)
rCorr    .         Harm     .   l - +2 pair of gloves
MR       +....     Rnd*Rage +   (no boots)
Stlth    ++........             s - amulet of the acrobat
HPRegen  0.23/turn              P - ring of protection from magic
MPRegen  0.20/turn              p - ring of magical power

@: lethally poisoned (-9 -> -27), very slightly contaminated
A: breathe frost, unfitting armour, berserk 1, cold resistance 1, cold-blooded,
AC +8
a: Breathe Frost, Renounce Religion


You were on level 5 of the Lair of Beasts.
You worshipped Vehumet.
Vehumet was most pleased with you.
You were not hungry.

You visited 3 branches of the dungeon, and saw 16 of its levels.

You collected 725 gold pieces.

Inventory:

Hand Weapons
 a - a +5 short sword of venom (weapon)
Missiles
 q - 5 silver javelins
 G - 4 curare-tipped darts
 Z - 13 stones (quivered)
Armour
 l - a +2 pair of gloves (worn)
 D - a +2 kite shield
Magical Staves
 b - an uncursed staff of wizardry
 C - an uncursed staff of wizardry
Jewellery
 d - an uncursed ring of see invisible
 m - an uncursed amulet of regeneration
 p - a ring of magical power (right hand)
 s - an amulet of the acrobat (around neck)
 A - an uncursed amulet of guardian spirit
 I - an uncursed amulet of the gourmand
 P - a ring of protection from magic (left hand)
Wands
 g - a wand of random effects (23)
 r - a wand of iceblast (7)
 v - a wand of acid (12)
 H - a wand of flame (6)
 K - a wand of enslavement (9)
 S - a wand of polymorph (10)
Scrolls
 c - 2 scrolls of remove curse
 f - 2 scrolls of amnesia
 i - 7 scrolls of identify
 n - a scroll of immolation {unknown}
 w - a scroll of holy word
 y - 4 scrolls of fog
 B - a scroll of acquirement
 M - a scroll of noise {unknown}
 Q - a scroll of magic mapping
 R - a scroll of vulnerability {unknown}
 W - a scroll of enchant armour
 Y - a scroll of teleportation {unknown}
Potions
 e - 2 potions of flight
 h - 6 potions of haste
 o - a potion of magic
 t - a potion of brilliance
 u - a potion of berserk rage
 x - 2 potions of ambrosia
 J - a potion of degeneration
 L - a potion of heal wounds
 N - a potion of stabbing
 O - 2 potions of might
 T - a potion of lignification
Miscellaneous
 U - a phantom mirror
Comestibles
 z - 17 rations


   Skills:
 - Level 2.1 Short Blades
 - Level 1.7 Dodging
 - Level 1.7 Stealth
 - Level 4.0 Spellcasting
 + Level 17.7 Conjurations
 - Level 4.2 Translocations
 - Level 4.1 Ice Magic


You had 2 spell levels left.
You knew the following spells:

 Your Spells              Type           Power        Failure   Level  Hunger
a - Searing Ray           Conj           ######       0%          2    ##.....
b - Dazzling Flash        Conj/Hex       #####.       1%          3    ###....
c - Iskenderun's Mystic   Conj/Tloc      #####...     1%          4    ####...
d - Ozocubu's Armour      Chrm/Ice       ##......     17%         3    ###....
e - Animate Skeleton      Necr           N/A          14%         1    None
f - Sticky Flame          Conj/Fire      #####...     1%          4    ####...

Your spell library contained the following spells:

 Spells                   Type           Power        Failure   Level  Hunger
 Magic Dart               Conj           ####         0%          1    None
 Apportation              Tloc           ###...       2%          1    None
 Blink                    Tloc           N/A          3%          2    ##.....
 Shroud of Golubria       Chrm/Tloc      ##....       9%          2    ##.....
 Corona                   Hex            #......      14%         1    None
 Infusion                 Chrm           #...         14%         1    None
 Summon Small Mammal      Summ           #...         14%         1    None
 Call Imp                 Summ           #.......     21%         2    ##.....
 Slow                     Hex            #.......     21%         2    ##.....
 Song of Slaying          Chrm           #.......     21%         2    ##.....
 Conjure Flame            Conj/Fire      #####...     1%          3    ###....
 Mephitic Cloud           Conj/Pois/Air  ####....     1%          3    ###....
 Fulminant Prism          Conj/Hex       #####.....   1%          4    ####...
 Gell's Gravitas          Tloc           ###.......   8%          3    ###....
 Confusing Touch          Hex            #.......     38%         3    ###....
 Spectral Weapon          Hex/Chrm       #.......     38%         3    ###....
 Yara's Violent Unravell  Hex/Tmut       #.........   65%         5    ######.
 Petrify                  Tmut/Erth      #.......     80%         4    ####...
 Metabolic Englaciation   Hex/Ice        ##........   85%         5    ######.


Dungeon Overview and Level Annotations

Branches:
Dungeon (10/15)            Temple (1/1) D:5            Lair (5/6) D:9
 Spider (0/4) Lair:4
  Swamp: Lair:2-4    Shoals: Lair:2-4     Slime: Lair:5-6       Orc: D:9-12

Altars:
Ashenzari
Dithmenos
Elyvilon
Fedhas
Gozag
Hepliaklqana
Kikubaaqudgha
Makhleb
Okawaru
Qazlal
Sif Muna
Vehumet
Wu Jian
Xom
Zin
The Shining One

Shops:
D:7 }

Annotations:
D:5 1 runed translucent door, Crazy Yiuf
Lair:3 exclusion: 2 oklob plants
Lair:5 Nessos


Innate Abilities, Weirdness & Mutations

You can breathe waves of freezing cold.
You can buffet flying creatures when you breathe cold.
Your icy white scales are hard. (AC +8)
You cannot fit into any form of body armour.
Your flesh is cold resistant. (rC+)
You are cold-blooded and may be slowed by cold attacks.
You tend to lose your temper in combat.


Message History

The arrow burns you.
You are more poisoned.
* * * LOW HITPOINT WARNING * * *
You feel better.
Nessos shoots an arrow.
The arrow closely misses you.
The arrow hits the fungus.
The arrow burns the fungus.
Nessos shoots an arrow.
The arrow hits you!
* * * LOW HITPOINT WARNING * * *
The arrow burns you.
You are lethally poisoned!
* * * LOW HITPOINT WARNING * * *
Blink to where?
Press: ? - help, Dir - move target cursor, p - Nessos You are very lightly contaminated with residual magic.
As you read the scroll of blinking, it crumbles to dust.
* * * LOW HITPOINT WARNING * * *
You feel very sick.
Nessos blinks! x2
* * * LOW HITPOINT WARNING * * *
You feel sick.
Nessos shoots an arrow.
The arrow hits you!
You die...

...........P#
.....[.......#
#............# ..
#P..........## ...
#............#
...####............#
.....#.#.ยง........###
....................#
..............@...###
..................#
..................#
...#!..#..(.P.....#
#####.(#P......#
###..c...P##
c........?#
...#......##
...#......#


You could see Nessos.

Vanquished Creatures
  A hydra (Lair:3)
  A black mamba (Lair:1)
  6 spiny frogs
  A rime drake (Lair:4)
  Maggie (D:8)
  A komodo dragon (Lair:3)
  6 blink frogs
  A hornet (D:7)
  8 hippogriffs
  7 dream sheep
  17 yaks
  A steam dragon (D:9)
  A wyvern (D:8)
  2 basilisks
  8 water moccasins
  12 porcupines
  An orc warrior (D:8)
  2 phantoms
  An ice beast (D:6)
  A sky beast (D:8)
  3 black bears
  A hornet zombie (D:8)
  4 ogres
  2 wolves (D:9)
  A centaur (D:9)
  5 crocodiles
  2 big kobolds (D:8)
  11 bullfrogs
  A water moccasin zombie (D:7)
  5 scorpions
  3 howler monkeys (D:9)
  2 centaur zombies
  4 crimson imps
  2 bullfrog zombies (D:7)
  2 jellies
  4 hounds
  A centaur skeleton (D:4)
  An orc priest (D:5)
  12 orc wizards
  A bullfrog skeleton (D:7)
  An iguana (D:9)
  Terence (D:2)
  Natasha (thrice) (D:2)
  6 worker ants
  A hound skeleton (D:8)
  12 adders
  4 gnolls
  A shadow imp (D:6)
  2 adder skeletons
  3 worms
  3 dart slugs
  7 leopard geckos
  42 orcs
  3 giant cockroaches
  5 goblins
  3 hobgoblins
  9 jackals (D:3)
  12 kobolds
  A quokka (D:7)
  4 ball pythons
  4 bats
  9 frilled lizards
  A jackal zombie (D:7)
  A leopard gecko skeleton (D:7)
  A quokka skeleton (D:4)
  4 rats
  A fire vortex (Lair:5)
290 creatures vanquished.

Vanquished Creatures (collateral kills)
  A water moccasin (Lair:3)
  A porcupine (Lair:3)
  2 bullfrogs (Lair:3)
4 creatures vanquished.

Vanquished Creatures (others)
  4 dream sheep (Lair:3)
  A bush (D:9)
  5 fungi
  9 plants
19 creatures vanquished.

Grand Total: 313 creatures vanquished

Notes
Turn   | Place    | Note
-------+----------+-------------------------------------------
     0 | D:1      | Auros the Draconian Conjurer began the quest for the Orb.
     0 | D:1      | Reached XP level 1. HP: 14/14 MP: 3/3
   395 | D:1      | Reached XP level 2. HP: 15/20 MP: 1/5
  1386 | D:2      | Found a blossoming altar of Fedhas.
  1388 | D:2      | Found an ancient bone altar of Kikubaaqudgha.
  1414 | D:2      | Reached skill level 5 in Conjurations
  1414 | D:2      | Reached XP level 3. HP: 26/26 MP: 0/6
  1861 | D:2      | Reached XP level 4. HP: 21/33 MP: 0/7
  1955 | D:2      | Upgraded the game from 0.25-a0-785-gb22c70e to
                  | 0.25-a0-787-g19abc6c
  2237 | D:2      | Learned a level 2 spell: Searing Ray
  2265 | D:2      | Noticed Natasha
  2270 | D:2      | Killed Natasha
  2270 | D:2      | Reached skill level 6 in Conjurations
  2272 | D:2      | Reached skill level 1 in Short Blades
  2417 | D:2      | Noticed Terence
  2426 | D:2      | Killed Terence
  2426 | D:2      | Reached XP level 5. HP: 35/38 MP: 0/8
  2679 | D:2      | Noticed Natasha
  2682 | D:2      | Killed Natasha
  2763 | D:2      | Noticed Natasha
  2765 | D:2      | Killed Natasha
  4056 | D:3      | Reached XP level 6. HP: 44/45 MP: 9/9
  4061 | D:3      | Learned a level 3 spell: Dazzling Flash
  4474 | D:3      | Reached skill level 7 in Conjurations
  4922 | D:4      | Reached skill level 8 in Conjurations
  5296 | D:4      | Your scales start taking on an icy white colour.
  5296 | D:4      | Reached XP level 7. HP: 50/50 MP: 10/10
  5296 | D:4      | Gained mutation: Your flesh is cold resistant. (rC+) [White
                  | Draconian growth]
  5525 | D:5      | Entered Level 5 of the Dungeon
  5764 | D:5      | Reached skill level 9 in Conjurations
  6022 | D:5      | Found a staircase to the Ecumenical Temple.
  6136 | Temple   | Entered the Ecumenical Temple
  6215 | Temple   | Became a worshipper of Vehumet
  6639 | D:5      | Found a runed translucent door.
  6640 | D:5      | Noticed Crazy Yiuf
  7023 | D:6      | Reached XP level 8. HP: 57/57 MP: 11/11
  7108 | D:6      | Reached skill level 10 in Conjurations
  7423 | D:6      | Found a burning altar of Makhleb.
  7673 | D:6      | Reached * piety under Vehumet
  7673 | D:6      | Offered knowledge of Shock by Vehumet.
  7681 | D:6      | Learned a level 4 spell: Iskenderun's Mystic Blast
  8164 | D:7      | Reached skill level 1 in Translocations
  8656 | D:7      | Noticed a hornet
  8659 | D:7      | Paralysed by a hornet for 2 turns
  8666 | D:7      | Killed a hornet
  8953 | D:7      | Found Tiukoreaxa's Gadget Shop.
  9114 | D:7      | Learned a level 3 spell: Ozocubu's Armour
  9427 | D:8      | Reached XP level 9. HP: 62/62 MP: 13/15
  9669 | D:8      | Noticed Maggie
  9690 | D:8      | Killed Maggie
  9706 | D:8      | Reached skill level 11 in Conjurations
 10265 | D:8      | Got a steaming flail
 10266 | D:8      | Identified the +7 flail "Pirr" {vorpal, *Contam *Corrode
                  | rElec Dex+8} (You found it on level 8 of the Dungeon)
 10660 | D:8      | Reached skill level 12 in Conjurations
 10838 | D:9      | Offered knowledge of Freeze by Vehumet.
 10841 | D:9      | Reached ** piety under Vehumet
 10952 | D:9      | Found a shadowy altar of Dithmenos.
 11179 | D:9      | Found a staircase to the Lair.
 11201 | D:9      | Reached XP level 10. HP: 34/69 MP: 16/16
 11426 | D:9      | Reached skill level 13 in Conjurations
 12092 | D:9      | Found an iron altar of Okawaru.
 12092 | D:9      | Found a faded altar of an unknown god.
 12103 | D:9      | Found a glowing golden altar of the Shining One.
 12138 | D:9      | Found a shattered altar of Ashenzari.
 12139 | D:9      | Found a faded altar of an unknown god.
 12276 | D:10     | Entered Level 10 of the Dungeon
 12320 | Lair:1   | Entered Level 1 of the Lair of Beasts
 12341 | Lair:1   | Gained mutation: You tend to lose your temper in combat.
                  | [mutagenic glow]
 12386 | Lair:1   | Noticed a spiny frog
 12394 | Lair:1   | Killed a spiny frog
 12613 | Lair:1   | Noticed a spiny frog
 12618 | Lair:1   | Noticed a spiny frog
 12622 | Lair:1   | Killed a spiny frog
 12622 | Lair:1   | Reached skill level 14 in Conjurations
 12628 | Lair:1   | Killed a spiny frog
 12776 | Lair:1   | Noticed a black mamba
 12785 | Lair:1   | Killed a black mamba
 13303 | Lair:1   | Noticed a spiny frog
 13308 | Lair:1   | Killed a spiny frog
 13672 | Lair:2   | Reached skill level 15 in Conjurations
 13672 | Lair:2   | Reached XP level 11. HP: 69/74 MP: 17/17
 13832 | Lair:2   | Offered knowledge of Inner Flame by Vehumet.
 13900 | Lair:2   | HP: 3/74 [poisoned by a water moccasin]
 13920 | Lair:3   | HP: 5/111 [poisoned by a water moccasin]
 14237 | Lair:3   | Noticed a six-headed hydra
 14257 | Lair:3   | Killed a six-headed hydra
 14709 | Lair:3   | Noticed an oklob plant
 14716 | Lair:3   | Learned a level 1 spell: Animate Skeleton
 14755 | Lair:3   | Reached skill level 16 in Conjurations
 14822 | Lair:3   | Reached *** piety under Vehumet
 15458 | Lair:3   | Found a shimmering altar of Xom.
 15857 | Lair:3   | Noticed an oklob plant
 15912 | Lair:4   | Found a burning altar of Makhleb.
 16128 | Lair:4   | Reached skill level 17 in Conjurations
 16152 | Lair:4   | Upgraded the game from 0.25-a0-787-g19abc6c to
                  | 0.25-a0-797-g0023389
 16240 | Lair:4   | Offered knowledge of Sticky Flame by Vehumet.
 16246 | Lair:4   | Learned a level 4 spell: Sticky Flame
 16492 | Lair:4   | Reached XP level 12. HP: 58/81 MP: 13/18
 16861 | Lair:4   | Found a hole to the Spider Nest.
 17133 | Lair:4   | Identified 2 scrolls of acquirement
 17712 | Lair:5   | Noticed Nessos
 17739 | Lair:5   | Shot with an arrow by Nessos

Levels and vault maps discovered:
D:1:      psy_arrival_radial02, layout_basic, minmay_lizard_pond
D:2:      layout_basic, grunt_temple_overflow_growth_and_decay,
          minmay_misc_feat_doors, nrook_campfire, uniq_natasha, uniq_terence
D:3:      layout_basic, first_ration, serial_glass, glass_columns_c,
          glass_columns_c, minmay_fractal_squares_gapless_5
D:4:      minmay_chambers_of_threes, layout_rooms
D:5:      layout_basic, temple_pool_b, uniq_crazy_yiuf_cottage
D:6:      layout_layer_cave, kennysheep_little_box
D:7:      layout_basic, serial_shops, nicolae_shop_behind_doors
D:8:      layout_basic, uniq_maggie
D:9:      layout_rooms, chequers_temple_overflow_minitemple,
          minmay_lair_entry_grove, nicolae_dithmenos_through_a_glass_darkly
D:10:     layout_stronghold, hangedman_ranch [blue_anna_fruit_fields]
Temple:   lightli_temple_of_artemis
Lair:1:   layout_hall_layers, beast_lair_carwin_9, grunt_megastairs_2
Lair:2:   layout_chaotic_city, minmay_shoals_entry_centaurs,
          serial_bayou_lake_a, lemuel_fruit_fields
Lair:3:   layout_cave_shapes, kb_xom_exploding_sheep, minmay_lair_oklob_chamber
Lair:4:   layout_gridlike, nicolae_spider_entry_non_spiders, basic_altar,
          grunt_megastairs_3
Lair:5:   layout_gridlike, dpeg_slime_entry_corner, worms_lemuel, uniq_nessos,
          uniq_sonja, uniq_kirke

Skill      XL: |  1  2  3  4  5  6  7  8  9 10 11 |
---------------+----------------------------------+-----
Conjurations   | 5 6 8 9 10 12 15 17 | 17.7
Short Blades   | 1 2 |  2.1
Translocations | 4 |  4.2
Spellcasting   | 4 |  4.0
Ice Magic      | 3 4 |  4.1
Dodging        | |  1.7
Stealth        | |  1.7

Action                   |  1- 3 |  4- 6 |  7- 9 | 10-12 || total
-------------------------+-------+-------+-------+-------++-------
Melee: Dagger            |    59 |    14 |       |       ||    73
       Tailslap          |     6 |    12 |    34 |     7 ||    59
       Short sword       |       |   104 |   216 |    94 ||   414
       Flail             |       |       |    52 |     2 ||    54
Throw: Stone             |       |     7 |     4 |    10 ||    21
 Cast: Magic Dart        |    76 |    12 |       |       ||    88
       Searing Ray       |       |    20 |    38 |    69 ||   127
       Dazzling Flash    |       |     1 |     1 |     3 ||     5
       Iskenderun's Myst |       |       |     5 |    24 ||    29
       Ozocubu's Armour  |       |       |     7 |    11 ||    18
       Animate Skeleton  |       |       |       |     9 ||     9
       Sticky Flame      |       |       |       |     9 ||     9
 Abil: Breathe Frost     |       |       |     1 |     2 ||     3
  Use: Scroll            |       |     7 |       |    15 ||    22
       Potion            |       |       |       |     6 ||     6
 Stab: Distracted        |       |     1 |       |       ||     1
       Sleeping          |       |     2 |     4 |     1 ||     7
       Invisible         |       |     1 |       |       ||     1
  Eat: Chunk             |     4 |    12 |    19 |    58 ||    93
       Ration            |       |       |     1 |     2 ||     3
Armor: Skin              |    27 |    53 |   119 |    60 ||   259
Dodge: Dodged            |    69 |    86 |   238 |   196 ||   589
Block: Kite shield       |       |     9 |    15 |       ||    24

Table legend:
 A = Non-vault XP
 B = Vault XP
 C = Vault XP percentage of total XP
 D = Non-vault monster count
 E = Vault monster count
 F = Vault count percentage of total count
                 A         B        C        D         E       F
            +---------+---------+-------+---------+---------+-------
      Total |   19956 |    4525 |  18.5 |     242 |      52 |  17.7
            +---------+---------+-------+---------+---------+-------
        D:1 |      25 |       7 |  21.9 |      14 |       7 |  33.3
        D:2 |     186 |      71 |  27.6 |      16 |       2 |  11.1
        D:3 |     218 |      10 |   4.4 |      29 |       4 |  12.1
        D:4 |     227 |     117 |  34.0 |      21 |       7 |  25.0
        D:5 |     436 |       0 |   0.0 |      24 |       0 |   0.0
        D:6 |     352 |       0 |   0.0 |       9 |       0 |   0.0
        D:7 |     892 |     107 |  10.7 |      20 |       1 |   4.8
        D:8 |    1930 |     370 |  16.1 |      24 |       1 |   4.0
        D:9 |     758 |    1490 |  66.3 |      17 |      12 |  41.4
       D:10 |      97 |       0 |   0.0 |       1 |       0 |   0.0
     Lair:1 |    2447 |    1197 |  32.8 |       9 |       7 |  43.8
     Lair:2 |    1403 |       0 |   0.0 |       7 |       0 |   0.0
     Lair:3 |    6155 |     409 |   6.2 |      28 |       2 |   6.7
     Lair:4 |    3763 |     747 |  16.6 |      19 |       9 |  32.1
     Lair:5 |    1067 |       0 |   0.0 |       4 |       0 |   0.0
            +---------+---------+-------+---------+---------+-------
